 Dungeon Crawl Stone Soup version 0.17.2-1-ge4368a0 (webtiles) character file.

213 Goblin1989 the Sneak (level 5, -1/39 HPs)
             Began as a Demonspawn Assassin on July 25, 2016.
             Was an Initiate of Ru.
             Slain by Grinder (2 damage)
             ... while paralysed by Grinder
             ... on level 4 of the Dungeon.
             The game lasted 00:08:43 (3161 turns).

Goblin1989 the Sneak (Demonspawn Assassin)          Turns: 3161, Time: 00:08:43

Health: -1/39      AC:  9    Str: 12    XL:     5   Next: 59%
Magic:  5/5        EV: -3    Int: 12    God:    Ru [......]
Gold:   151        SH:  0    Dex: 15    Spells: 0 memorised, 4 levels left

rFire  . . .     SeeInvis .       - Unarmed
rCold  + . .     Clarity  .     v - +0 ring mail
rNeg   . . .     SustAt   .     (no shield)
rPois  .         Gourm    .     k - +0 helmet
rElec  .         Spirit   .     d - +0 cloak
rCorr  .         Warding  .     (no gloves)
rMut   .         Stasis   .     c - +0 pair of boots
MR     .....                    (no amulet)
Stlth  ++........               q - +5 ring of evasion
                                j - ring of protection from cold

@: paralysed, not resistant to hostile enchantments, unstealthy
A: claws 2, rugged brown scales 1
a: Renounce Religion


You were on level 4 of the Dungeon.
You worshipped Ru.
Ru was noncommittal.
You were very hungry.

You visited 1 branch of the dungeon, and saw 4 of its levels.

You collected 151 gold pieces.

Inventory:

Hand Weapons
 b - a +0 blowgun
Missiles
 f - 2 curare-tipped needles
 s - 5 poisoned needles
Armour
 c - a +0 pair of boots (worn)
 d - a +0 cloak (worn)
 k - a +0 helmet (worn)
 v - a +0 ring mail (worn)
Jewellery
 j - a ring of protection from cold (left claw)
 q - a +5 ring of evasion (right claw)
Wands
 A - a wand of lightning (0)
 B - a wand of flame (25)
Scrolls
 a - a scroll of fog {unknown}
 e - a scroll of amnesia {unknown}
 h - 3 scrolls of remove curse {unknown}
 m - a scroll of blinking {unknown}
 n - 2 scrolls of enchant armour {unknown}
 o - 4 scrolls of identify {unknown}
 p - a scroll of teleportation {unknown}
 x - a scroll of enchant weapon {unknown}
 y - a scroll of random uselessness {unknown}
Potions
 r - a potion of haste {unknown}
 t - a potion of curing {unknown}
 w - a potion of magic {unknown}
Comestibles
 g - 2 bread rations
 i - 6 fruits
 l - 4 meat rations
 u - a slice of pizza
 z - a beef jerky


   Skills:
 - Level 2.0 Fighting
   Level 2.2 Short Blades
 - Level 1.7 Throwing
 - Level 0.8 Dodging
 + Level 5.0 Stealth
 * Level 3.5 Unarmed Combat


You had 4 spell levels left.
You didn't know any spells.

Dungeon Overview and Level Annotations

Branches:
Dungeon (4/15)
 Temple: D:4-7

Altars:
Ru

Annotations:
D:4 Grinder


Innate Abilities, Weirdness & Mutations

You have very sharp fingernails.
You are partially covered in rugged brown scales (AC +1, +3% HP).


Message History

You closely miss Grinder.
Grinder is almost dead.
The worker ant closely misses you. Grinder hits you but does no damage.
You barely miss Grinder.
Grinder is almost dead.
The worker ant misses you.
Grinder gestures.
Grinder blinks!
There is a stone staircase leading down here.
The worker ant bites you but does no damage.
Grinder gestures at you.
You suddenly lose the ability to move!
The worker ant bites you. The worker ant bites you. x2
* * * LOW HITPOINT WARNING * * *
Grinder hits you but does no damage.
The worker ant bites you but does no damage.
Grinder hits you!
* * * LOW HITPOINT WARNING * * *
You writhe in agony.
You die...

#.# #.# #.#
#.## #.# #.#
#...a##.# #.#
[.Y.....# #.#
#.# #.# #l#
#.# #.# #5#
#.######@####
#....lYa....#
#
###########.#
# #.# # #.# #
#.# # #.#
#### #.# #...
#.# #.##


You could see Grinder, an ice beast, a worker ant and a giant newt.

Vanquished Creatures
  Blork the orc (D:4)
  An orc priest (D:3)
  2 adders
  A shadow imp (D:3)
  2 worms
  5 giant geckos
  8 orcs (D:3)
  4 bats
  8 giant cockroaches
  8 goblins
  6 hobgoblins
  7 jackals (D:2)
  A quokka (D:3)
  4 giant newts
  9 kobolds
  6 rats
73 creatures vanquished.

Notes
Turn   | Place    | Note
--------------------------------------------------------------
     0 | D:1      | Goblin1989 the Demonspawn Assassin began the quest for the Orb.
     0 | D:1      | Reached XP level 1. HP: 16/16 MP: 1/1
   358 | D:1      | Gained mutation: You have sharp fingernails. [demonic ancestry]
   358 | D:1      | Reached XP level 2. HP: 22/22 MP: 2/2
   507 | D:1      | You fall through a shaft!
   757 | D:2      | Reached skill level 4 in Stealth
   821 | D:2      | Reached skill level 1 in Unarmed Combat
   843 | D:2      | Gained mutation: You have very sharp fingernails. [demonic ancestry]
   843 | D:2      | Reached XP level 3. HP: 23/27 MP: 3/3
  1877 | D:3      | Gained mutation: You are partially covered in rugged brown scales (AC +1, +3% HP). [demonic ancestry]
  1877 | D:3      | Reached XP level 4. HP: 27/33 MP: 4/4
  2210 | D:3      | Found a sacrificial altar of Ru.
  2225 | D:3      | Became a worshipper of Ru the Awakened
  2632 | D:3      | Reached XP level 5. HP: 39/39 MP: 5/5
  2989 | D:4      | Noticed Blork the orc
  3005 | D:4      | Killed Blork the orc
  3128 | D:4      | Noticed Grinder
  3130 | D:4      | Noticed an ice beast
  3131 | D:4      | Reached skill level 5 in Stealth
  3147 | D:4      | Paralysed by Grinder for 3 turns
  3158 | D:4      | Paralysed by Grinder for 7 turns
  3161 | D:4      | HP: 1/39 [Grinder (8)]
  3161 | D:4      | Slain by Grinder

Action                   |  1- 3 |  4- 6 || total
-------------------------+-------+-------++-------
Melee: Dagger            |   185 |    59 ||   244
       Unarmed           |       |    33 ||    33
 Fire: Blowgun           |     7 |     8 ||    15
Evoke: Wand              |       |     4 ||     4
 Stab: Sleeping          |    10 |     5 ||    15
  Eat: Chunk             |     3 |     3 ||     6
